 Dungeon Sprint DCSS version 0.26-a0-649-gf8c6c3aab7 (webtiles) character file.

Game seed: 7925575180203274658

21680 sahdkjhfkaj the Messiah (level 12, -7/125 HPs)
             Began as a Hill Orc Fighter on Sept 28, 2020.
             Was the Champion of Beogh.
             Shot with a bolt by a yaktaur captain (25 damage)
             ... in the Dungeon (Sprint VII: "The Pits").
             The game lasted 00:09:16 (5247 turns).

sahdkjhfkaj the Messiah (Hill Orc Fighter)          Turns: 5247, Time: 00:09:16

Health: -7/125     AC: 23    Str: 27    XL:     12   Next: 92%
Magic:  25/25      EV: 11    Int: 11    God:    Beogh [******]
Gold:   49         SH: 14    Dex: 13    Spells: 11/11 levels left

rFire    . . .     SeeInvis +   t - +1 broad axe (freeze)
rCold    . . .     Faith    .   c - +0 kite shield
rNeg     . . .     Spirit   .   r - +3 plate armour
rPois    .         Reflect  .   (no helmet)
rElec    .         Harm     .   (no cloak)
rCorr    .         Rampage  .   p - +0 pair of gloves
MR       .....     NoTele   +   B - +0 pair of boots "Anucal" {-Cast Int+3 SInv} Stlth ..........NoCast +
                                (no amulet)
HPRegen  0.30/turn              b - +3 ring of strength
MPRegen  0.19/turn              q - +3 ring of dexterity

@: no status effects
A: walk on water
a: Smiting, Recall Orcish Followers, Give Item to Named Follower, Resurrection,
Renounce Religion


You were in the Dungeon.
You worshipped Beogh.
Beogh was exalted by your worship.
You visited 1 branch You collected 49 gold pieces.

Inventory:

Hand Weapons
 t - a +1 broad axe of freezing (weapon)
 D - a +2 war axe of flaming
Missiles
 y - 15 poisoned darts (quivered)
Armour
 c - a +0 kite shield (worn)
 p - a +0 pair of gloves (worn)
 r - a +3 plate armour (worn)
 s - a +0 pair of boots
 B - the +0 pair of boots "Anucal" (worn) {-Cast Int+3 SInv}
   (You found it in the Dungeon)

   It affects your intelligence (+3).
   It lets you see invisible.
   It prevents spellcasting.
Jewellery
 b - a +3 ring of strength (left hand)
 q - a +3 ring of dexterity (right hand)
 C - an uncursed ring of see invisible
 E - an uncursed ring of ice
Wands
 a - a wand of acid (4)
Scrolls
 j - 3 scrolls of blinking
 k - 4 scrolls of remove curse
 l - 5 scrolls of amnesia
 n - 2 scrolls of vulnerability
 u - 2 scrolls of fear
 v - 2 scrolls of identify
 x - 2 scrolls of fog
Potions
 d - 2 potions of might
 e - 2 potions of invisibility
 f - 13 potions of heal wounds
 g - a potion of haste
 h - 4 potions of magic
 i - 3 potions of berserk rage
 o - 9 potions of curing
 w - 2 potions of stabbing
 z - 3 potions of mutation
 A - a potion of flight
 F - a potion of ambrosia {unknown}


   Skills:
 + Level 17.2 Fighting
 - Level 18.0 Axes
 + Level 16.0 Armour
 + Level 5.2 Dodging
 - Level 15.0 Shields
 + Level 18.1 Invocations


You had 11 spell levels left.
You didn't know any spells.
Your spell library was empty.

Dungeon Overview and Level Annotations

Branches:
Dungeon (1/1)

Altars:
Ashenzari
Cheibriados
Dithmenos
Elyvilon
Fedhas
Gozag
Hepliaklqana
Kikubaaqudgha
Makhleb
Nemelex Xobeh
Okawaru
Qazlal
Ru
Sif Muna
Trog
Uskayaw
Vehumet
Wu Jian
Xom
Yredelemnul
Zin
The Shining One
Beogh
Jiyva
Lugonu


Message History

Your orc knight looks more experienced.
You block the vault guard's attack.
The vault guard hits your orc sorcerer with a +0 war axe!
The vault guard hits Boghold with a +0 war axe!
Unknown command.
Unknown command.
Unknown command.
The vault guard blocks your attack.
The vault guard is almost dead.
The vault guard blocks your orc sorcerer's attack.
Boghold hits the vault guard with a +2 halberd of venom!!
The vault guard dies!
Beogh accepts your kill.
Your Armour skill increases to level 16!
Unknown command.
Unknown command.
You hit the orc knight. You freeze the orc knight.
The orc knight is severely wounded.
The yaktaur captain shoots a bolt.
The bolt hits you!!
You die...

+###############################+
.................................
.................................
.##############')##############o.
.# #......# #.| .# #..).o.# #..
o# #.oo@o.#


#oo o# ###)o### #oo o# ....)coN....... #.. .# ..)))).)....... #.. .#
.####....####.. #.. .# #....# #.. .# ##..## #.. ## #### #++ ############# You
could see a naga warrior, a yaktaur captain, 2 orc knights, a friendly orc
knight (strong), the friendly Boghold the orc knight (strong), a friendly orc
sorcerer (strong) and the friendly Arkwar the orc priest (strong).

Vanquished Creatures
  A vampire knight (D)
  A white draconian (D)
  A merfolk javelineer (D)
  A catoblepas (D)
  An anaconda (D)
  A merfolk aquamancer (D)
  A death yak (D)
  A shadow wraith (D)
  An orc knight (D)
  A deep elf mage (D)
  A wolf spider (D)
  An elephant (D)
  A merfolk siren (D)
  2 rust devils (D)
  Maurice (D)
  2 cane toads (D)
  A kobold demonologist (D)
  A freezing wraith (D)
  An ice devil (D)
  A komodo dragon (D)
  A guardian mummy (D)
  3 merfolk (D)
  A redback (D)
  A flying skull (D)
  A spriggan (D)
  A vampire (D)
  A wraith (D)
  2 water elementals (D)
  A steam dragon (D)
  A vampire mosquito (D)
  A soldier ant (D)
  A warg (D)
  A floating eye (D)
  A black bear (D)
  A swamp drake (D)
  An eye of draining (D)
  A phantom (D)
  A centaur (D)
  An ogre (D)
  A crocodile (D)
  A big kobold (D)
  An earth elemental (D)
  A gnoll sergeant (D)
  6 killer bees (D)
  2 jellies (D)
  An iguana (D)
  An iron imp (D)
  7 gnolls (D)
  2 adders (D)
  2 ufetubi (D)
  An ooze (D)
  An orc (D)
  A bat skeleton (D)
  2 giant cockroaches (D)
  2 goblins (D)
  4 jackals (D)
  3 kobolds (D)
83 creatures vanquished.

Vanquished Creatures (collateral kills)
  Arachne (D)
  A great orb of eyes (D)
  A vault guard (D)
  A merfolk avatar (D)
  2 death knights (D)
  A deep elf knight (D)
  A sea snake (D)
  A lindwurm (D)
  5 orc knights (D)
  A manticore (D)
  A demonic crawler (D)
  A merfolk (D)
  A vampire (D)
  3 vampire mosquitoes (D)
  A floating eye (D)
  An orc warrior (D)
  A scorpion (D)
  A small abomination (D)
  A crimson imp (D)
  A hell rat (D)
  A worker ant (D)
  A gnoll (D)
  A goblin (D)
  A giant cockroach zombie (D)
31 creatures vanquished.

Vanquished Creatures (others)
  2 orc warlords (D)
  An orc priest (D)
  3 orc knights (D)
  3 orc warriors (D)
  5 orc wizards (D)
  4 orcs (D)
18 creatures vanquished.

Grand Total: 132 creatures vanquished

Notes
Turn   | Place    | Note
-------+----------+-------------------------------------------
     0 | D        | sahdkjhfkaj the Hill Orc Fighter began the quest for the
                  | Orb.
     0 | D        | Reached XP level 1. HP: 19/19 MP: 1/1
    27 | D        | Reached XP level 2. HP: 17/27 MP: 2/2
   141 | D        | Found a bloodstained altar of Trog.
   141 | D        | Found a shimmering blue altar of Sif Muna.
   141 | D        | Found a viscous altar of Jiyva.
   141 | D        | Found a hazy altar of Hepliaklqana.
   141 | D        | Found an opulent altar of Gozag.
   142 | D        | Found a glowing golden altar of the Shining One.
   142 | D        | Found a glowing silver altar of Zin.
   142 | D        | Found a basalt altar of Yredelemnul.
   142 | D        | Found a shimmering altar of Xom.
   142 | D        | Found an ornate altar of the Wu Jian Council.
   142 | D        | Found a sacrificial altar of Ru.
   142 | D        | Found a stormy altar of Qazlal.
   142 | D        | Found an iron altar of Okawaru.
   142 | D        | Found a sparkling altar of Nemelex Xobeh.
   142 | D        | Found a burning altar of Makhleb.
   142 | D        | Found a blossoming altar of Fedhas.
   142 | D        | Found a white marble altar of Elyvilon.
   142 | D        | Found a shadowy altar of Dithmenos.
   142 | D        | Found a snail-covered altar of Cheibriados.
   143 | D        | Found a radiant altar of Vehumet.
   143 | D        | Found a corrupted altar of Lugonu.
   143 | D        | Found a roughly hewn altar of Beogh.
   144 | D        | Found a hide-covered altar of Uskayaw.
   144 | D        | Found an ancient bone altar of Kikubaaqudgha.
   144 | D        | Found a broken altar of Ashenzari.
   152 | D        | Became a worshipper of Beogh the Brigand
   193 | D        | Reached skill level 1 in Invocations
   194 | D        | Reached skill level 5 in Axes
   194 | D        | Reached XP level 3. HP: 29/34 MP: 2/4
   280 | D        | Reached * piety under Beogh
   301 | D        | Reached ** piety under Beogh
   306 | D        | Reached skill level 5 in Fighting
   306 | D        | Reached skill level 5 in Armour
   306 | D        | Reached XP level 4. HP: 29/42 MP: 4/6
   310 | D        | Reached *** piety under Beogh
   493 | D        | Reached skill level 5 in Shields
   501 | D        | Reached **** piety under Beogh
   501 | D        | Reached XP level 5. HP: 29/50 MP: 8/8
   717 | D        | Noticed a floating eye
   719 | D        | Paralysed by a floating eye for 3 turns
   725 | D        | Killed a floating eye
   725 | D        | Reached XP level 6. HP: 58/58 MP: 8/10
   732 | D        | Noticed a phantom
   758 | D        | Killed a phantom
   758 | D        | Reached skill level 10 in Axes
   924 | D        | Reached ***** piety under Beogh
  1082 | D        | Noticed a kobold demonologist
  1084 | D        | Killed a kobold demonologist
  1084 | D        | Reached XP level 7. HP: 69/69 MP: 11/13
  1101 | D        | Noticed a flying skull
  1117 | D        | Killed a flying skull
  1117 | D        | Reached XP level 8. HP: 68/78 MP: 14/14
  1167 | D        | Noticed a merfolk javelineer
  1167 | D        | Noticed a merfolk
  1167 | D        | Noticed a merfolk
  1167 | D        | Noticed a merfolk
  1170 | D        | Killed a merfolk javelineer
  1170 | D        | Reached skill level 10 in Fighting
  1170 | D        | Reached skill level 10 in Invocations
  1170 | D        | Reached XP level 9. HP: 73/85 MP: 8/16
  1181 | D        | Killed a merfolk
  1183 | D        | HP: 3/129 [merfolk/+0 trident (17)]
  1184 | D        | Killed a merfolk
  1184 | D        | Reached skill level 15 in Axes
  1184 | D        | Reached skill level 10 in Armour
  1189 | D        | Killed a merfolk
  1189 | D        | Reached skill level 10 in Shields
  1717 | D        | Noticed an ice devil
  1720 | D        | Killed an ice devil
  1770 | D        | Reached ****** piety under Beogh
  1782 | D        | Gained Boghold as an ally
  1853 | D        | Noticed a komodo dragon
  1861 | D        | Killed a komodo dragon
  1864 | D        | Reached XP level 10. HP: 74/96 MP: 18/18
  2264 | D        | Noticed a death yak
  2270 | D        | Gained Arkwar as an ally
  2276 | D        | Killed a death yak
  2395 | D        | Noticed a rust devil
  2395 | D        | Noticed a deep elf mage
  2398 | D        | Killed a rust devil
  2404 | D        | Killed a deep elf mage
  2977 | D        | Noticed a merfolk avatar
  2977 | D        | Noticed an orc knight
  2987 | D        | Killed a merfolk avatar
  2990 | D        | Reached XP level 11. HP: 83/107 MP: 17/21
  2999 | D        | Killed an orc knight
  3213 | D        | Noticed a sea snake
  3218 | D        | Killed a sea snake
  3567 | D        | Noticed a manticore
  3575 | D        | Killed a shadow wraith
  3579 | D        | Killed a manticore
  3651 | D        | Noticed a wolf spider
  3651 | D        | Noticed a death knight
  3652 | D        | Noticed Maurice
  3654 | D        | Killed Maurice
  3661 | D        | Killed a wolf spider
  3663 | D        | Killed a death knight
  3801 | D        | Noticed a merfolk aquamancer
  3805 | D        | Killed a merfolk aquamancer
  3805 | D        | Reached skill level 15 in Invocations
  4193 | D        | Got the +0 pair of boots "Anucal" {-Cast Int+3 SInv}
  4229 | D        | Noticed a death knight
  4229 | D        | Noticed a vampire knight
  4233 | D        | Killed a vampire knight
  4233 | D        | Gained Geork as an ally
  4233 | D        | Reached skill level 15 in Fighting
  4235 | D        | Killed a death knight
  4421 | D        | Noticed an anaconda
  4426 | D        | Killed an anaconda
  4431 | D        | Reached XP level 12. HP: 106/121 MP: 14/24
  4554 | D        | Noticed a great orb of eyes
  4562 | D        | Paralysed by a great orb of eyes for 3 turns
  4562 | D        | Killed a great orb of eyes
  4648 | D        | Noticed Arachne
  4657 | D        | Killed Arachne
  4657 | D        | Reached skill level 15 in Armour
  4657 | D        | Reached skill level 15 in Shields
  4939 | D        | Noticed a white draconian
  4939 | D        | Noticed a catoblepas
  4944 | D        | Killed a catoblepas
  4952 | D        | Killed a white draconian
  5205 | D        | Noticed an orc warlord
  5205 | D        | Noticed an orc warlord
  5206 | D        | Noticed a deep elf knight
  5211 | D        | Noticed a naga warrior
  5215 | D        | Noticed a vault guard
  5217 | D        | Your ally Geork died
  5222 | D        | Noticed a yaktaur captain
  5229 | D        | Killed a deep elf knight
  5245 | D        | Reached skill level 5 in Dodging
  5246 | D        | Killed a vault guard
  5247 | D        | Shot with a bolt by a yaktaur captain

Illustrated notes

Levels and vault maps discovered:
D:        pitsprint [storerooms_1, entrance_room_1, metal_vault_8, armoury_1,
          mini_pit_1, grid_room_1, main_hall_1, silver_pit, the_coven_2,
          the_vestibule_1, steel_vault_3, golden_pit, hallway_of_sentries,
          crystal_vault_4, iron_vault_1, final_vault]

Skill      XL: |  1  2  3  4  5  6  7  8  9 10 11 12 |
---------------+-------------------------------------+-----
Fighting       | 4 5 6 8 9 10 11 13 15 17 | 17.2
Axes           | 4 5 6 8 9 12 13 14 16 18 | 18.0
Armour         | 4 5 6 8 9 10 12 14 16 | 16.0
Shields        | 4 5 6 8 9 10 12 14 15 | 15.0
Invocations    | 1 3 4 6 8 10 11 13 16 18 | 18.1
Dodging        | 5 |  5.2

Action                   |  1- 3 |  4- 6 |  7- 9 | 10-12 || total
-------------------------+-------+-------+-------+-------++-------
Melee: War axe           |    41 |    47 |    32 |       ||   120
       Broad axe         |       |       |    25 |   181 ||   206
Invok: Smiting           |       |       |     5 |    19 ||    24
       Give Item to Name |       |       |       |     2 ||     2
  Use: Potion            |     1 |       |     2 |     6 ||     9
       Scroll            |       |       |       |     1 ||     1
 Stab: Distracted        |       |       |     1 |     7 ||     8
       Confused          |       |       |       |     1 ||     1
Armor: Scale mail        |    22 |    13 |     9 |       ||    44
       Plate armour      |       |       |    17 |    76 ||    93
Dodge: Dodged            |    20 |    11 |    10 |    34 ||    75
Block: Kite shield       |    30 |    14 |    49 |    97 ||   190

Table legend: (Time is in decaauts)
 A = Elapsed time spent in this place.
 B = Non-inter-level travel time spent in this place.
 C = Inter-level travel time spent in this place.
 D = Time resting spent in this place.
 E = Time spent auto-exploring this place.
 F = Levels seen in this place.
 G = Mean time per level.
                   A        B        C        D        E       F      G
               +--------+--------+--------+--------+--------+-----+--------+
         Total |   5235 |   4952 |    283 |   4052 |      0 |   1 | 5235.0 |
       Dungeon |   5235 |   4952 |    283 |   4052 |      0 |   1 | 5235.0 |
               +--------+--------+--------+--------+--------+-----+--------+

Top non-repeatable levels by time:
       D: 5235 daAuts
